 Dungeon Crawl Stone Soup version 0.16-a0-3280-g3a29b53 (webtiles) character file.

51 Ololoev the Slasher (level 3, 0/29 HPs)
             Began as a Mummy Chaos Knight on Dec 24, 2014.
             Was a Plaything of Xom.
             Slain by Crazy Yiuf
             ... wielding a +3 quarterstaff of chaos
              (1 damage)
             ... on level 2 of the Dungeon.
             The game lasted 00:03:17 (1052 turns).

Ololoev the Slasher (Mummy Chaos Knight)            Turns: 1052, Time: 00:03:17

Health: 0/29       AC:  5    Str: 16    XL:     3   Next: 58%
Magic:  0/3        EV: 11    Int: 11    God:    Xom [...*..]
Gold:   86         SH:  0    Dex: 11    Spells: 0 memorised, 2 levels left

rFire  x . .     SeeInvis .     a - +0 falchion (chaos)
rCold  + . .     Clarity  .     b - +2 leather armour
rNeg   + + +     SustAb   .     (no shield)
rPois  ∞         Gourm    .     (no helmet)
rElec  .         Spirit   .     (no cloak)
rCorr  .         Warding  .     (no gloves)
rMut   .         Stasis   .     (no boots)
MR     .....                    (no amulet)
Stlth  +.........               (no ring)
                                i - ring of teleport control

@: not resistant to hostile enchantments, very unstealthy
A: no food or potions, fire vulnerability, restore body, cold resistance 1,
negative energy resistance 3, poison resistance, torment resistance, unbreathing
a: Renounce Religion, Evoke Teleport Control


You were on level 2 of the Dungeon.
You worshipped Xom.
You were a favourite toy of Xom.
You were not hungry.

You visited 1 branch of the dungeon, and saw 2 of its levels.

You collected 86 gold pieces.

Notes
Turn   | Place    | Note
--------------------------------------------------------------
     0 | D:1      | Ololoev, the Mummy Chaos Knight, began the quest for the Orb.
     0 | D:1      | Reached XP level 1. HP: 18/18 MP: 1/1
    13 | D:1      | XOM: harmless Chrm miscast
   272 | D:1      | XOM: confuse monster(s)
   279 | D:1      | Reached XP level 2. HP: 18/24 MP: 2/2
   513 | D:1      | XOM: colour smoke trail
   522 | D:1      | XOM: medium Trmt miscast
   737 | D:2      | Reached XP level 3. HP: 20/29 MP: 3/3
   782 | D:2      | XOM: god gift: 54 gold pieces
   883 | D:2      | Found a snail-covered altar of Cheibriados.
   945 | D:2      | Noticed Jessica
   947 | D:2      | XOM: enchant monster (good)
   960 | D:2      | Killed Jessica
  1037 | D:2      | XOM: 4-stop teleportation journey
  1040 | D:2      | Noticed Crazy Yiuf
  1051 | D:2      | HP: 1/29 [Crazy Yiuf/quarterstaff of chaos (1)]
  1052 | D:2      | Slain by Crazy Yiuf

Inventory:

Hand weapons
 a - a +0 falchion of chaos (weapon)
Armour
 b - a +2 leather armour (worn)
Jewellery
 i - a ring of teleport control (left hand)
Scrolls
 c - 2 scrolls of random uselessness {unknown}
 d - a scroll of magic mapping {unknown}
 e - a scroll of identify {unknown}
 f - a scroll of noise {unknown}
 g - a scroll of remove curse {unknown}
 h - a scroll of immolation {unknown}
 j - a scroll of teleportation {unknown}

Table legend:
 A = Turns spent in this place as a percentage of turns spent in the entire game.
 B = Non-inter-level travel turns spent in this place as a percentage of non-inter-level travel turns spent in the entire game.
 C = Inter-level travel turns spent in this place as a percentage of turns spent in this place.
 D = Turns resting spent in this place as a percentage of non-inter-level travel turns spent in this place.
 E = Turns spent auto-exploring this place as a percentage of non-inter-level travel turns spent in this place.
 F = Non-inter-level travel turns spent in this place divided by the number of levels of this place that you've seen.
                   A       B       C       D       E      F
               +-------+-------+-------+-------+-------+----------------------
         Total | 100.0 | 100.0 |   0.3 |   3.8 |  12.5 | 159.5
       Dungeon | 100.0 | 100.0 |   0.3 |   3.8 |  12.5 | 159.5
               +-------+-------+-------+-------+-------+----------------------


   Skills:
 - Level 3.0 Fighting
 * Level 3.3 Long Blades
 + Level 2.3 Armour
 - Level 0.7 Dodging


You had 2 spell levels left.
You didn't know any spells.

Dungeon Overview and Level Annotations

Branches:
Dungeon (2/15)

Altars:
Cheibriados

Annotations:
D:2 Crazy Yiuf


Innate Abilities, Weirdness & Mutations

You do not eat or drink.
Your flesh is vulnerable to fire.
Your flesh is cold resistant.
You are immune to negative energy.
Your system is resistant to poisons.
You are immune to unholy pain and torment.
You can survive without breathing.


Message History

"Let's go for a ride!"
Your surroundings suddenly seem different.
Your surroundings suddenly seem different.
Your surroundings seem slightly different.
Your surroundings suddenly seem different.
Found a hammer.
Crazy Yiuf the Enlightened comes into view.
He is wielding a quarterstaff of chaos.
Crazy Yiuf shouts!
Crazy Yiuf grits, "Announcement!
Fire pontify high."
You aren't carrying any items that can be evoked.
Crazy Yiuf says, "Which is more difficult, to awaken one who sleeps or to awaken one who, awake, dreams that he is awake?"
You barely miss Crazy Yiuf.
Crazy Yiuf cries, "Shower!
Mama sallow water."
Crazy Yiuf closely misses you.
Crazy Yiuf hits you with a quarterstaff of chaos.
You closely miss Crazy Yiuf.
Crazy Yiuf hits you with a quarterstaff of chaos.
You barely miss Crazy Yiuf.
Crazy Yiuf hits you with a quarterstaff of chaos.
You hit Crazy Yiuf.
Crazy Yiuf is lightly wounded.
Crazy Yiuf says, "The life which is unexamined is not worth living."
Crazy Yiuf closely misses you.
You hit Crazy Yiuf.
Crazy Yiuf is moderately wounded.
Crazy Yiuf says, "Everyone has the same god; only people differ."
Crazy Yiuf closely misses you.
You hit Crazy Yiuf. You freeze Crazy Yiuf.
Crazy Yiuf is heavily wounded.
Crazy Yiuf cries, "You leg down broken song, no?"
Crazy Yiuf hits you with a quarterstaff of chaos!
You feel your power leaking away.
You hit Crazy Yiuf but do no damage.
Crazy Yiuf is heavily wounded.
Crazy Yiuf hits you with a quarterstaff of chaos!
Crazy Yiuf freezes you.
You closely miss Crazy Yiuf.
Crazy Yiuf is heavily wounded.
Crazy Yiuf hits you with a quarterstaff of chaos.
You die...

.##...# #.........#
#. #...#
#########.# # #####
#.# #.# #.#### ###
♣♣##....# #)..#♣
♣♣.....#.#
#....g♣♣♣♣......#.#
♣@.♣......##.#
♣♣♣.♣.....##.#
♣♣♣♣♣##.##.# #..#.#
## ##.#.# ..
###.#[# #. #.....#
#.###.#.#.##
#..........#


You could see Crazy Yiuf.

Table legend:
 A = Kills in this place as a percentage of kills in entire the game.
 B = Kills by you in this place as a percentage of kills by you in the entire game.
 C = Kills by friends in this place as a percentage of kills by friends in the entire game.
 D = Other kills in this place as a percentage of other kills in the entire game.
 E = Experience gained in this place as a percentage of experience gained in the entire game.
 F = Experience gained in this place divided by the number of levels of this place that you have seen.
                   A       B       C       D       E      F
               +-------+-------+-------+-------+-------+----------------------
         Total | 100.0 | 100.0 |  -nan |  -nan | 100.0 |  37.0
       Dungeon | 100.0 | 100.0 |  -nan |  -nan | 100.0 |  37.0
               +-------+-------+-------+-------+-------+----------------------

Vanquished Creatures
  Jessica (D:2)
  An adder (D:2)
  2 giant cockroaches
  2 goblins (D:1)
  3 hobgoblins
  5 jackals
  5 kobolds
  3 bats
  2 rats (D:1)
24 creatures vanquished.

Action                   || total
-------------------------++-------
Melee: Falchion          ||    81

Vault maps used:
D:1:      mrwooster_arrival_arrow
D:2:      cheibriados_altar_1, minmay_misc_feat_x, uniq_jessica,
          uniq_crazy_yiuf_cottage
